 Dungeon Crawl Stone Soup version 0.23.2-1-ga50397a6bc (webtiles) character file.

Game seed: 11056523560510350339

11 Mrkan the Charmwright (level 2, 0/26 HPs)
             Began as a Gnoll Skald on May 19, 2019.
             Slain by a goblin (1 damage)
             ... on level 1 of the Dungeon.
             The game lasted 00:02:03 (145 turns).

Mrkan the Charmwright (Gnoll Skald)                  Turns: 145, Time: 00:02:04

Health: 0/26       AC:  3    Str: 13    XL:     2   Next: 29%
Magic:  7/7        EV: 14    Int: 15    God:
Gold:   0          SH:  0    Dex: 14    Spells: 9/10 levels left

rFire    . . .     SeeInvis .   a - +0 spear
rCold    . . .     Gourm    .   (no shield)
rNeg     . . .     Faith    .   b - +0 leather armour
rPois    .         Spirit   .   (no helmet)
rElec    .         Reflect  .   (no cloak)
rCorr    .         Harm     .   (no gloves)
MR       .....                  (no boots)
Stlth    +.........             (no amulet)
HPRegen  0.08/turn              (no ring)
MPRegen  0.10/turn              (no ring)

@: no status effects
A: distributed training, fangs 1, strong nose
a: no special abilities


You were on level 1 of the Dungeon.
You were not hungry.

You visited 1 branch of the dungeon, and saw 1 of its levels.

Inventory:

Hand Weapons
 a - a +0 spear (weapon)
Armour
 b - a +0 leather armour (worn)
Scrolls
 c - a scroll of remove curse {unknown}
 g - a scroll of fog {unknown}
Potions
 e - a potion of degeneration {unknown}
 f - a potion of haste {unknown}
 h - a potion of mutation {unknown}
Comestibles
 d - a ration


   Skills:
 + Level 4.4 Fighting
 + Level 0.3 Short Blades
 + Level 0.3 Long Blades
 + Level 0.3 Axes
 + Level 0.3 Maces & Flails
 + Level 4.4 Polearms
 + Level 0.3 Staves
 + Level 0.3 Slings
 + Level 0.3 Bows
 + Level 0.3 Crossbows
 + Level 0.3 Throwing
 + Level 2.4 Armour
 + Level 4.4 Dodging
 + Level 0.3 Stealth
 + Level 0.3 Shields
 + Level 0.3 Unarmed Combat
 + Level 4.9 Spellcasting
 + Level 0.2 Conjurations
 + Level 0.2 Hexes
 + Level 5.3 Charms
 + Level 0.2 Summonings
 + Level 0.2 Necromancy
 + Level 0.2 Translocations
 + Level 0.2 Transmutations
 + Level 0.2 Fire Magic
 + Level 0.2 Ice Magic
 + Level 0.2 Air Magic
 + Level 0.2 Earth Magic
 + Level 0.2 Poison Magic
 + Level 0.4 Invocations
 + Level 0.3 Evocations


You had 9 spell levels left.
You knew the following spells:

 Your Spells              Type           Power        Failure   Level  Hunger
a - Infusion              Chrm           ###.         2%          1    None

Your spell library contained the following spells:

 Spells                   Type           Power        Failure   Level  Hunger
 Song of Slaying          Chrm           ###.....     3%          2    ##.....
 Shroud of Golubria       Chrm/Tloc      ##........   10%         2    ##.....
 Regeneration             Chrm/Necr      ##........   21%         3    ###....
 Spectral Weapon          Hex/Chrm       ##......     21%         3    ###....


Dungeon Overview and Level Annotations

Branches:
Dungeon (1/15)

Altars:


Innate Abilities, Weirdness & Mutations

Your experience applies equally to all skills.
You have very sharp teeth.
Your uncanny sense of smell can sniff out nearby items.


Message History

Things that are here:
a stone; a frilled lizard corpse You see here a stone.
Things that are here:
a +0 club; a goblin corpse; a hobgoblin corpse You barely miss the goblin.
The goblin misses you.
You hit the goblin.
The goblin is heavily wounded.
The goblin hits you.
* * * LOW HITPOINT WARNING * * *
You closely miss the goblin. You bite the goblin.
The goblin is severely wounded.
You hit the goblin but do no damage.
The goblin is severely wounded.
The goblin hits you.
* * * LOW HITPOINT WARNING * * *
You closely miss the goblin.
The goblin is severely wounded.
The goblin hits you.
You die...

...........########
....................
...g................
###.###........
#..(())......##
∆#.##.######...# ∆
#.....).......#
#####.##......# .
#.....@g......# ....#
#.....#.....†..#.###....###
................>..........
#....#####.#####.###.......
...............#.###.......
...#######.###.#...........
.. #.....###.............
#.........#...........
#.........#.###.......


You could see a goblin.

Vanquished Creatures
  3 bats (D:1)
  A goblin (D:1)
  2 hobgoblins (D:1)
  2 kobolds (D:1)
  A frilled lizard (D:1)
  A rat (D:1)
10 creatures vanquished.

Notes
Turn   | Place    | Note
-------+----------+-------------------------------------------
     0 | D:1      | Mrkan the Gnoll Skald began the quest for the Orb.
     0 | D:1      | Reached XP level 1. HP: 20/20 MP: 6/6
    96 | D:1      | Reached XP level 2. HP: 17/26 MP: 7/7
   125 | D:1      | HP: 1/26 [goblin (1)]
   144 | D:1      | HP: 1/26 [goblin (1)]
   145 | D:1      | Slain by a goblin

Action                   || total
-------------------------++-------
Melee: Spear             ||    45
       Bite              ||     3
Armor: Leather armour    ||     6
Dodge: Dodged            ||    31
